 Dungeon Crawl Stone Soup version 0.21-a0-265-gb353147 (webtiles) character file.

29396 4thArraOfDagon the Executioner (level 13, -27/107 HPs)
             Began as a Hill Orc Artificer on Sept 11, 2017.
             Was a High Priest of Beogh.
             Killed from afar by a wizard (61 damage)
             ... with a crystal spear
             ... on level 14 of the Dungeon.
             The game lasted 00:47:02 (8421 turns).

4thArraOfDagon the Executioner (Hill Orc Artificer) Turns: 8421, Time: 00:47:03

Health: -27/107    AC: 10    Str: 16    XL:     13   Next: 45%
Magic:  19/19      EV: 10    Int: 13    God:    Beogh [*****.]
Gold:   539        SH: 22    Dex: 14    Spells: 2/12 levels left

rFire    . . .     SeeInvis +   A - +2 war axe (freeze)
rCold    . . .     Gourm    .   S - +4 large shield "Kyinoeg" {*Drain rPois MR+ SInv}
rNeg     . . .     Faith    .   O - +2 troll leather armour
rPois    +         Spirit   .   (no helmet)
rElec    .         Reflect  .   (no cloak)
rCorr    .         Harm     +   M - +0 pair of gloves
MR       ++...                  W - +2 pair of boots
Stlth    +.........             N - amulet of harm
HPRegen  0.67/turn              p - ring of protection from magic
MPRegen  0.16/turn              j - +3 ring of dexterity

@: no status effects
A: walk on water, dopey 1
a: Smiting, Recall Orcish Followers, Give Item to Named Follower, Renounce
Religion


You were on level 14 of the Dungeon.
You worshipped Beogh.
Beogh was extremely pleased with you.
You were not hungry.

You visited 1 branch of the dungeon, and saw 15 of its levels.

You collected 901 gold pieces.
You spent 362 gold pieces at shops.

Inventory:

Hand Weapons
 k - the +6 trident "Goblinbane" {freeze, Str+7 Int+6, unknown}
   (You found it on level 12 of the Dungeon)

   It has been specially enchanted to freeze those struck by it, causing extra
   injury to most foes and up to half again as much damage against particularly
   susceptible opponents.
   It can also slow down cold-blooded creatures.
   It affects your strength (+7).
   It affects your intelligence (+6).
 A - a +2 war axe of freezing (weapon)
Missiles
 Z - 2 tomahawks of dispersal (quivered)
Armour
 M - a +0 pair of gloves (worn)
 O - a +2 troll leather armour (worn)
 S - the +4 large shield "Kyinoeg" (worn) {*Drain rPois MR+ SInv}
   (You found it on level 7 of the Dungeon)

   It protects you from poison.
   It affects your resistance to hostile enchantments.
   It lets you see invisible.
   It causes draining when unequipped.
 W - a +2 pair of boots (worn)
 X - a +2 plate armour of cold resistance
Magical Staves
 V - an uncursed staff of summoning {unknown}
Jewellery
 j - a +3 ring of dexterity (right hand)
 p - a ring of protection from magic (left hand)
 v - an uncursed ring of flight
 J - an uncursed ring of poison resistance
 K - an uncursed ring of stealth
 N - an amulet of harm (around neck)
 R - an uncursed ring of see invisible
 U - an uncursed ring of ice
Wands
 a - a wand of confusion (19/48)
 c - a wand of flame (0/48)
 d - a wand of enslavement (8/24)
 e - a wand of random effects (6/48)
 l - a wand of polymorph (14/24)
 t - a wand of polymorph (4/24)
 D - a wand of paralysis (0/24)
 F - a wand of flame (11/48)
 T - a wand of flame (17/48)
 Y - a wand of paralysis (5/24)
Scrolls
 b - a scroll of magic mapping
 n - 3 scrolls of fog
 y - 5 scrolls of remove curse
 z - a scroll of immolation
 H - 2 scrolls of amnesia
 Q - a scroll of noise
Potions
 g - 3 potions of might
 h - a potion of magic
 i - 4 potions of brilliance
 m - a potion of mutation {unknown}
 q - a potion of ambrosia
 u - 4 potions of flight
 B - a potion of invisibility
 C - a potion of lignification
 E - a potion of curing
 G - 2 potions of cancellation
 I - a potion of agility
Books
 w - a book of Geomancy

   Spells                             Type                      Level
   a - Sandblast                      Earth                        1
   b - Passwall                       Transmutation/Earth          2
   c - Stone Arrow                    Conjuration/Earth            3
   d - Petrify                        Transmutation/Earth          4
   e - Lee's Rapid Deconstruction     Earth                        5
Miscellaneous
 P - a box of beasts
Comestibles
 f - 4 bread rations
 o - 4 meat rations
 r - 2 chunks of flesh


   Skills:
 + Level 8.1 Fighting
   Level 1.0 Short Blades
 - Level 21.0 Axes
 + Level 1.7 Dodging
 - Level 0.7 Stealth
 * Level 14.1 Shields
 - Level 8.0 Invocations
 - Level 3.0 Evocations


You had 2 spell levels left.
You knew the following spells:

 Your Spells              Type           Power        Failure   Level  Hunger
a - Apportation           Tloc           #.....       83%         1    ##.....
b - Animate Skeleton      Necr           N/A          83%         1    ##.....
c - Passwall              Tmut/Erth      #.........   93%         2    ###....
d - Regeneration          Chrm/Necr      #.........   99%         3    ####...
e - Spectral Weapon       Hex/Chrm       #.......     99%         3    ####...


Dungeon Overview and Level Annotations

Branches:
Dungeon (15/15)            Temple (0/1) D:6
   Lair: D:8-11         Orc: D:9-12      Vaults: D:13-14     Depths: D:15

Altars:
Fedhas
Gozag
Kikubaaqudgha
Nemelex Xobeh
Ru
Sif Muna
Zin

Shops:
D:6 :!}([

Annotations:
D:5 4thArraOfDagon's ghost, amateur BaAM
D:8 Slowdrip's ghost, novice HaGl
D:11 Urug
D:12 Nergalle
D:13 Frances


Innate Abilities, Weirdness & Mutations

You can walk on water.
You are dopey. (Int -2)


Message History

You barely miss the wizard. The wizard casts a spell at you.
You block the crystal spear.
You hit the wizard. You freeze the wizard.
The wizard is moderately wounded.
You block the wizard's attack.
You slash the wizard! You freeze the wizard.
The wizard is severely wounded.
The wizard gestures at you while chanting.
The bolt of cold hits you!
You hit the wizard. You freeze the wizard.
The wizard is almost dead.
The wizard points at you and mumbles some strange words.
The bolt of cold hits you!
You hit the wizard. You freeze the wizard.
The wizard is almost dead.
The wizard gestures at you while chanting.
The crystal spear hits you!
Ouch! That really hurt!
You die...

#...#.. ###
#...#. ...
#...' .5#
#..p# p#
#...# . #...#
##...########
#..........p#
###########@#
#.# #[# #.#
#.#####†#
#.......#
######..#
#..## ##...##


You could see a wizard.

Vanquished Creatures
  An ogre mage (D:15)
  7 centaur warriors
  6 two-headed ogres
  3 unseen horrors
  A sea snake (shapeshifter) (D:15)
  3 harpies (D:14)
  An orc knight (D:15)
  2 orc sorcerers (D:15)
  A deep elf mage (D:15)
  3 cyclopes
  A manticore (D:14)
  A komodo dragon (D:15)
  4 yaktaurs (D:15)
  An efreet (D:13)
  2 kobold demonologists
  10 trolls
  Grinder (D:3)
  2 hippogriffs
  4 slime creatures (D:12)
  A shadow (D:14)
  2 wyverns
  A centaur simulacrum (D:15)
  2 wraiths (D:7)
  A vampire (D:14)
  A human (shapeshifter) (D:14)
  A yak (D:7)
  A fire bat (D:7)
  A hungry ghost (D:13)
  6 vampire mosquitoes
  Menkaure (D:7)
  A water moccasin (D:7)
  3 orc warriors
  A sky beast (D:12)
  An eye of draining (D:15)
  4 ice beasts
  A phantom (D:7)
  5 ogres
  8 centaurs
  8 bullfrogs
  A big kobold (D:12)
  A wyvern zombie (D:14)
  A wyvern skeleton (D:6)
  A scorpion (D:12)
  2 wights (D:12)
  6 howler monkeys
  5 crimson imps
  2 bullfrog zombies (D:7)
  2 hounds
  3 jellies
  5 orc priests
  2 centaur skeletons
  6 orc wizards
  Jessica (D:3)
  2 iguanas
  10 worker ants
  A killer bee zombie (D:6)
  A worker ant zombie (D:8)
  9 gnolls
  8 adders
  2 shadow imps (D:15)
  2 adder skeletons
  An adder zombie (D:8)
  A worm (D:2)
  7 leopard geckos
  20 orcs
  5 bats
  5 giant cockroaches
  4 goblins
  2 hobgoblins
  6 jackals
  4 quokkas
  3 frilled lizards
  11 kobolds
  2 quokka skeletons (D:4)
  A quokka zombie (D:5)
  4 rats
253 creatures vanquished.

Vanquished Creatures (collateral kills)
  A death yak (D:11)
  2 deep elf magi (D:15)
  A centaur zombie (D:15)
  A centaur skeleton (D:15)
  A komodo dragon (D:15)
  A troll (D:13)
  A shadow (D:15)
  6 vampire mosquitoes
  2 orc warriors (D:15)
  A wyvern skeleton (D:13)
  A scorpion (D:13)
  A howler monkey (D:13)
  2 orc priests (D:13)
  An iguana (D:12)
  An orc wizard (D:13)
  7 orcs (D:13)
30 creatures vanquished.

Vanquished Creatures (others)
  An orc knight (D:15)
  5 orc warriors
  A gnoll sergeant (D:7)
  A wight (D:7)
  16 orcs
24 creatures vanquished.

Grand Total: 307 creatures vanquished

Notes
Turn   | Place    | Note
-------+----------+-------------------------------------------
     0 | D:1      | 4thArraOfDagon the Hill Orc Artificer began the quest for the Orb.
     0 | D:1      | Reached XP level 1. HP: 16/16 MP: 3/3
   127 | D:3      | Noticed Jessica
   132 | D:3      | Killed Jessica
   132 | D:3      | Reached XP level 2. HP: 21/27 MP: 4/4
   132 | D:3      | Reached XP level 3. HP: 26/33 MP: 5/5
   172 | D:3      | Found a sparkling altar of Nemelex Xobeh.
   232 | D:5      | Entered Level 5 of the Dungeon
   235 | D:6      | Found a blossoming altar of Fedhas.
   235 | D:6      | Noticed a bullfrog
   273 | D:5      | Reached XP level 4. HP: 27/41 MP: 6/6
   415 | D:3      | Noticed Grinder
   742 | D:3      | Became a worshipper of Beogh the Brigand
   762 | D:3      | You fall through a shaft for 3 floors!
   762 | D:6      | Found Helinniawn's Armour Shop.
   768 | D:6      | Reached skill level 5 in Fighting
   783 | D:6      | Learned a level 1 spell: Apportation
   785 | D:6      | Learned a level 1 spell: Animate Skeleton
   838 | D:6      | Found Zuomodom's Gadget Boutique.
   850 | D:6      | Reached skill level 1 in Invocations
   850 | D:6      | Reached XP level 5. HP: 50/50 MP: 7/7
   858 | D:6      | Found Yqeulenn's Book Emporium.
   865 | D:6      | Reached XP level 6. HP: 32/58 MP: 8/8
   983 | D:6      | Found a sacrificial altar of Ru.
   987 | D:6      | Found Citsisas's Weapon Shoppe.
  1012 | D:6      | Bought a +0 war axe for 42 gold pieces
  1146 | D:7      | Reached skill level 1 in Axes
  1177 | D:6      | Reached skill level 2 in Axes
  1234 | D:5      | Noticed a water moccasin
  1238 | D:5      | Noticed a blink frog
  1238 | D:5      | a water moccasin changed into a blink frog
  1278 | D:6      | Found a staircase to the Ecumenical Temple.
  1278 | D:6      | Noticed an ice beast
  1281 | D:6      | Killed an ice beast
  1281 | D:6      | Reached skill level 3 in Axes
  1306 | D:6      | Reached XP level 7. HP: 66/66 MP: 9/9
  1361 | D:5      | Found a deep blue altar of Sif Muna.
  1396 | D:5      | Reached skill level 4 in Axes
  1409 | D:5      | Noticed 4thArraOfDagon's ghost (amateur BaAM)
  1431 | D:6      | Found Lilox's Distillery.
  1436 | D:6      | Bought a potion of haste for 100 gold pieces
  1436 | D:6      | Bought a potion of heal wounds for 50 gold pieces
  1436 | D:6      | Bought a potion of lignification for 30 gold pieces
  1436 | D:6      | Bought a potion of degeneration for 10 gold pieces
  1436 | D:6      | Bought a potion of flight for 30 gold pieces
  1598 | D:5      | Found a glowing silver altar of Zin.
  1649 | D:4      | Reached * piety under Beogh
  1746 | D:4      | Reached skill level 5 in Axes
  1939 | D:3      | Killed Grinder
  1939 | D:3      | Reached skill level 6 in Axes
  1939 | D:3      | Reached skill level 5 in Invocations
  1939 | D:3      | Reached XP level 8. HP: 57/73 MP: 11/11
  1999 | D:3      | Reached skill level 7 in Axes
  2394 | D:1      | Reached ** piety under Beogh
  2886 | D:6      | Bought a potion of haste for 100 gold pieces
  2928 | D:7      | Reached skill level 8 in Axes
  3198 | D:7      | Reached skill level 9 in Axes
  3202 | D:7      | Found an opulent altar of Gozag.
  3208 | D:7      | Noticed a yak
  3240 | D:7      | Killed a yak
  3457 | D:7      | Identified Mauf's Guide on Conjuration
  3468 | D:7      | Noticed a wraith
  3496 | D:7      | Killed a wraith
  3496 | D:7      | Reached skill level 10 in Axes
  3496 | D:7      | Reached XP level 9. HP: 62/79 MP: 14/14
  3616 | D:7      | Noticed Menkaure
  3631 | D:7      | Killed Menkaure
  3714 | D:7      | Reached skill level 11 in Axes
  3726 | D:7      | Got a distressingly furry large shield
  3748 | D:7      | Identified the +4 large shield "Kyinoeg" {*Drain rPois MR+ SInv} (You found it on level 7 of the Dungeon)
  3937 | D:7      | Found an ancient bone altar of Kikubaaqudgha.
  4072 | D:7      | Noticed a troll
  4092 | D:7      | Killed a troll
  4092 | D:7      | Reached skill level 12 in Axes
  4112 | D:7      | Noticed a kobold demonologist
  4129 | D:7      | Noticed a smoke demon
  4293 | D:7      | Noticed a red devil
  4294 | D:7      | Gained mutation: You are dopey. (Int -2) [a neqoxec]
  4295 | D:8      | Noticed a manticore
  4296 | D:8      | Killed a kobold demonologist
  4296 | D:8      | Reached skill level 13 in Axes
  4314 | D:8      | Learned a level 2 spell: Passwall
  4366 | D:8      | Noticed Slowdrip's ghost (novice HaGl)
  4417 | D:7      | Reached *** piety under Beogh
  4468 | D:7      | Reached XP level 10. HP: 49/86 MP: 16/16
  4595 | D:9      | Noticed a two-headed ogre
  4863 | D:8      | Reached skill level 14 in Axes
  4980 | D:10     | Entered Level 10 of the Dungeon
  5024 | D:10     | Noticed a two-headed ogre
  5218 | D:11     | Noticed Urug
  5247 | D:11     | Noticed a death yak
  5263 | D:11     | Killed a death yak
  5270 | D:11     | Noticed a death yak
  5282 | D:11     | Noticed a death yak
  5399 | D:11     | Noticed a cyclops
  5407 | D:11     | Killed a cyclops
  5407 | D:11     | Reached skill level 15 in Axes
  5435 | D:11     | Noticed a two-headed ogre
  5444 | D:11     | Killed a two-headed ogre
  5538 | D:12     | Noticed a kobold demonologist
  5639 | D:12     | Reached skill level 16 in Axes
  5639 | D:12     | Reached skill level 5 in Shields
  5685 | D:13     | Noticed an unseen horror
  5690 | D:13     | Killed an unseen horror
  5690 | D:13     | Reached XP level 11. HP: 92/92 MP: 17/17
  5706 | D:13     | Noticed a centaur warrior
  5713 | D:13     | Killed a centaur warrior
  5762 | D:13     | Noticed a centaur warrior
  5770 | D:13     | Killed a centaur warrior
  5770 | D:13     | Reached skill level 17 in Axes
  5879 | D:13     | Noticed a centaur warrior
  5897 | D:13     | Killed a centaur warrior
  6008 | D:13     | Noticed a centaur warrior
  6017 | D:13     | Killed a centaur warrior
  6110 | D:12     | Reached **** piety under Beogh
  6124 | D:12     | Got a polished trident
  6171 | D:12     | Reached skill level 18 in Axes
  6303 | D:12     | Noticed a centaur warrior
  6324 | D:12     | Killed a centaur warrior
  6324 | D:12     | Reached skill level 10 in Shields
  6332 | D:12     | Noticed Nergalle
  6411 | D:12     | Noticed a red ugly thing
  6460 | D:12     | Reached XP level 12. HP: 66/100 MP: 18/18
  6525 | D:13     | Gained Ugrim as an ally
  6809 | D:13     | Gained Urtork as an ally
  6869 | D:13     | Noticed Frances
  6875 | D:13     | Your ally Urtork died
  6881 | D:13     | Your ally Ugrim died
  6911 | D:14     | Noticed a centaur warrior
  6998 | D:14     | Reached skill level 19 in Axes
  7080 | D:15     | Entered Level 15 of the Dungeon
  7178 | D:15     | Reached ***** piety under Beogh
  7245 | D:15     | Noticed a two-headed ogre
  7246 | D:15     | Noticed an ogre mage
  7246 | D:15     | Noticed a two-headed ogre
  7264 | D:15     | Noticed a two-headed ogre
  7272 | D:15     | Noticed a two-headed ogre
  7279 | D:14     | Killed a two-headed ogre
  7312 | D:14     | Killed a two-headed ogre
  7327 | D:14     | Killed a centaur warrior
  7392 | D:15     | Reached skill level 20 in Axes
  7423 | D:15     | Killed a two-headed ogre
  7428 | D:15     | Killed a two-headed ogre
  7464 | D:15     | Killed an ogre mage
  7548 | D:15     | Learned a level 3 spell: Regeneration
  7552 | D:15     | Learned a level 3 spell: Spectral Weapon
  7565 | D:15     | Reached XP level 13. HP: 105/105 MP: 19/19
  7833 | D:15     | Reached skill level 21 in Axes
  8041 | D:15     | Noticed a fire dragon
  8421 | D:14     | Killed from afar by a wizard

Vault maps used:
D:1:      minmay_arrival_nine_rooms
D:2:      first_bread, moated_statue, minmay_misc_feat_roman
D:3:      nemelex_diamond_rough_becter, uniq_jessica, uniq_grinder
D:4:      corexii_corridor_pit
D:5:      kennysheep_little_box, basic_altar
D:6:      nicolae_ru_path_of_blood, minmay_temple_entry_enclosed_plants,
          serial_glass, glass_columns_a, glass_columns_a, serial_shops, shop,
          shop, shop_coins, shop, shop, fedhas_altar_3
D:7:      minmay_the_grid_octo_triangle, lemuel_doored_altar, uniq_menkaure
D:8:      minmay_diamond_spiral
D:9:      lemuel_coloured_pillars_altar, hangedman_fish_farm,
          nicolae_straight_to_the_point
D:10:     orc_0_dummy, nicolae_ashenzari_panopticon
D:11:     dpeg_lair_monsters, special_room, lightli_corner_chamber, uniq_urug
D:12:     uniq_nergalle
D:13:     corexii_corridor_pit, uniq_frances
D:14:     david_vaults_1, lemuel_statue_altar, nooodl_food_tri
D:15:     grunt_enter_depths_magical_seal

Skill      XL: |  1  2  3  4  5  6  7  8  9 10 11 12 13 |
---------------+----------------------------------------+-----
Fighting       | 3 4 5 6 7 8 |  8.1
Invocations    | 1 2 3 5 7 8 |  8.0
Axes           | 3 6 10 13 16 18 20 21 | 21.0
Shields        | 6 10 13 14 | 14.1
Short Blades   | |  1.0
Dodging        | |  1.7
Stealth        | |  0.7
Evocations     | |  3.0

Action                   |  1- 3 |  4- 6 |  7- 9 | 10-12 | 13-15 || total
-------------------------+-------+-------+-------+-------+-------++-------
Melee: Short sword       |    18 |       |       |       |       ||    18
       Quarterstaff      |     7 |    78 |   171 |       |       ||   256
       War axe           |       |       |   169 |   373 |   107 ||   649
Invok: Convert to Beogh  |       |     1 |       |       |       ||     1
Evoke: Wand              |     5 |     9 |    36 |    20 |     6 ||    76
       Box of beasts     |       |       |       |     5 |       ||     5
  Use: Scroll            |     3 |     1 |    12 |    15 |     3 ||    34
       Potion            |       |       |       |    10 |     1 ||    11
 Stab: Paralysed         |       |       |    24 |     3 |     4 ||    31
       Sleeping          |       |       |       |     2 |     1 ||     3
       Distracted        |       |       |       |     1 |       ||     1
  Eat: Chunk             |       |     1 |     7 |       |     4 ||    12
       Royal jelly       |       |       |     1 |     2 |       ||     3
       Bread ration      |       |       |     1 |     2 |       ||     3
Armor: Leather armour    |     9 |    10 |       |       |       ||    19
       Scale mail        |       |    21 |   121 |    10 |       ||   152
       Troll leather arm |       |       |       |    38 |    13 ||    51
Dodge: Dodged            |    13 |    56 |   131 |    73 |    15 ||   288
Block: Large shield      |       |       |       |   282 |    88 ||   370

Table legend:
 A = Spawn XP
 B = Non-spawn XP
 C = Spawn XP percentage of total XP
 D = Spawn monster count
 E = Non-spawn monster count
 F = Spawn count percentage of total count
 G = Total turns spent on level
                    A         B        C        D         E        F      G
               +---------+---------+-------+---------+---------+-------+---------
         Total |       0 |   41995 |   0.0 |       0 |     283 |   0.0 |  8421
               +---------+---------+-------+---------+---------+-------+---------
           D:1 |       0 |      22 |   0.0 |       0 |      14 |   0.0 |   482
           D:2 |       0 |      31 |   0.0 |       0 |      10 |   0.0 |   391
           D:3 |       0 |     436 |   0.0 |       0 |      13 |   0.0 |   624
           D:4 |       0 |     280 |   0.0 |       0 |      25 |   0.0 |   359
           D:5 |       0 |     119 |   0.0 |       0 |       8 |   0.0 |   417
           D:6 |       0 |     529 |   0.0 |       0 |      13 |   0.0 |   772
           D:7 |       0 |    3195 |   0.0 |       0 |      47 |   0.0 |  1443
           D:8 |       0 |     640 |   0.0 |       0 |       7 |   0.0 |   417
           D:9 |       0 |      43 |   0.0 |       0 |       1 |   0.0 |    75
          D:10 |       0 |     166 |   0.0 |       0 |       2 |   0.0 |    59
          D:11 |       0 |    2659 |   0.0 |       0 |       8 |   0.0 |   507
          D:12 |       0 |    4287 |   0.0 |       0 |      27 |   0.0 |   564
          D:13 |       0 |    7971 |   0.0 |       0 |      42 |   0.0 |   805
          D:14 |       0 |    9061 |   0.0 |       0 |      22 |   0.0 |   655
          D:15 |       0 |   12556 |   0.0 |       0 |      44 |   0.0 |   851
               +---------+---------+-------+---------+---------+-------+---------
